 Dungeon Crawl Stone Soup version 0.28-a0-1199-gef9e1dbd39 (webtiles) character file.

Game seed: 7446496476598309277

5441 PlayingRandomsOnly the Basher (level 10, 0/60 (84) HPs)
             Began as a Palentonga Cinder Acolyte on Dec 19, 2021.
             Was a Follower of Fedhas.
             Succumbed to a water moccasin's poison
             ... on level 9 of the Dungeon.
             The game lasted 01:15:52 (9978 turns).

PlayingRandomsOnly the Basher (PaCA)                Turns: 9978, Time: 01:15:52

HP:   0/60 (84)     AC:  8    Str: 19    XL:     10   Next: 41%
MP:   13/15         EV:  9    Int: 14    God:    Fedhas [*.....]
Gold: 350           SH:  0    Dex:  9    Spells: 8/16 levels left

rFire   . . .      SeeInvis +   x - +6 dire flail (vorpal)
rCold   . . .      Faith    +   (shield currently unavailable)
rNeg    . . .      Spirit   .   n - +2 leather armour {rF+}
rPois   .          Reflect  .   A - +2 hat
rElec   .          Harm     .   m - scarf {+Inv}
rCorr   .          Rampage  .   (no gloves)
Will    .....                   (no barding)
Stlth   +.........              u - amulet of faith
HPRegen 0.20/turn               (no ring)
MPRegen 0.14/turn               (no ring)

@: lethally poisoned (0 -> -15), very slightly contaminated, very heavily
drained, invisible, fire susceptible
A: large, rugged brown scales 3, see invisible, deformed body, roll 1, armoured
tail, reflexive curl, hooves 2, MP-powered wands
a: Rolling Charge, Renounce Religion, Evoke Invisibility


You were on level 9 of the Dungeon.
You worshipped Fedhas.
Fedhas was aware of your devotion.
You visited 2 branches of the dungeon, and saw 10 of its levels.

You collected 350 gold pieces.

Inventory:

Hand Weapons
 s - a +2 flail
 x - a +6 vorpal dire flail (weapon)
 z - a +1 whip of freezing
Missiles
 o - 19 poisoned darts
 y - a curare-tipped dart
Armour
 m - a scarf of invisibility (worn)
 n - a +2 leather armour of fire resistance (worn)
 r - a +1 plate armour of positive energy
 w - a +0 tower shield
 A - a +2 hat (worn)
Jewellery
 u - an amulet of faith (around neck)
Wands
 p - a wand of polymorph (10)
 q - a wand of iceblast (4)
Scrolls
 e - 2 scrolls of fog {unknown}
 f - a scroll of torment {unknown}
 g - 2 scrolls of immolation
 h - 2 scrolls of enchant weapon {unknown}
 j - 2 scrolls of teleportation
 v - a scroll of noise {unknown}
 B - a scroll of summoning {unknown}
Potions
 d - a potion of resistance
 k - a potion of mutation
 l - 2 potions of attraction


   Skills:
 - Level 7.5 Fighting
 + Level 11.4 Maces & Flails
 - Level 2.4 Shields
 - Level 3.6 Spellcasting
 - Level 2.5 Fire Magic
 * Level 6.1 Evocations


You had 8 spell levels left.
You knew the following spells:

 Your Spells              Type           Power      Damage    Failure   Level
a - Scorch                Fire           18%        2d6       13%         2
b - Shock                 Conj/Air       8%         1d3       24%         1
c - Wereblood             Tmut           2%         N/A       36%         2
d - Teleport Other        Tloc           2%         N/A       58%         3

Your spell library contained the following spells:

 Spells                   Type           Power      Damage    Failure   Level
 Beastly Appendage        Tmut           4%         N/A       24%         1
 Gell's Gravitas          Tloc           2%         N/A       58%         3
 Ozocubu's Armour         Ice            2%         N/A       58%         3
 Spider Form              Tmut/Pois      2%         N/A       58%         3
 Swiftness                Air            2%         N/A       58%         3
 Airstrike                Air            1%         N/A       94%         4
 Hailstorm                Conj/Ice       2%         3d3       94%         4
 Ice Form                 Ice/Tmut       2%         N/A       94%         4
 Dispersal                Tloc           1%         N/A       100%        6
 Simulacrum               Ice/Necr       1%         N/A       100%        6
 Ozocubu's Refrigeration  Ice            1%         4d5       100%        7


Dungeon Overview and Level Annotations

Branches:
Dungeon (8/15)             Temple (1/1) D:7
   Lair: D:8-11

Altars:
Fedhas
Sif Muna
Beogh

Shops:
D:5 *   D:9 *

Annotations:
D:8 Erica


Innate Abilities, Weirdness & Mutations

You are completely covered in rugged brown scales. (AC +3, +7% HP)
You have supernaturally acute eyesight. (SInv)
Armour fits poorly on your strangely shaped body.
You can roll at nearby foes to attack.
You have a long armoured tail.
You curl defensively after being hit. (AC +7*)
You have hoof-like feet.
You expend magic power (3 MP) to strengthen your wands.


Message History

The howler monkey hoots and howls with incredible vigour!
You hear an angry hiss. x3; You hear a shout! x2; You hear a roar!
A kobold demonologist comes into view. It is wielding a staff of conjuration.
You open the door.
A water moccasin comes into view.
The water moccasin hisses angrily.
You hear an angry hiss.
The howler monkey hits you.
* * * LOW HITPOINT WARNING * * *
An adder comes into view.
A ball python comes into view.
Found Tuntub's Serpentskin Sales.
Roll where?
Press: ? - help, Dir - move target, f - ball python
Aim: a ball python You roll forward with a clatter of scales!
You sock the ball python!
You kill the ball python!
Fedhas appreciates your contribution to the ecosystem.
The water moccasin barely misses you.
You feel drained.
You fail to use your ability.
You feel a little less mighty now.
The howler monkey completely misses you.
The water moccasin bites you but does no damage.
The adder bites you but does no damage. The howler monkey closely misses you.
You feel drained.
You fail to use your ability.
The water moccasin bites you but does no damage.
The adder bites you but does no damage. The howler monkey hits you.
* * * LOW HITPOINT WARNING * * *
You feel drained.
You fade into invisibility!
You are very lightly contaminated with residual magic.
The water moccasin barely misses you. The adder bites you but does no damage.
The howler monkey hits you but does no damage.
The cyclops throws a large rock.
The large rock closely misses the howler monkey.
The large rock completely misses you. The water moccasin bites you.
* * * LOW HITPOINT WARNING * * *
You are lethally poisoned!
The water moccasin poisons you!
You die...
Fedhas appreciates your contribution to the ecosystem.

### #####.#
#..@#.# ..
+.∩S'.#
...#..S#h#
....#####C#
..........#
...........#
...........#
#..K.......#
#..........#


You could see a cyclops, a water moccasin, a howler monkey and an adder.

Vanquished Creatures
  A boulder beetle (D:9)
  Pikel (D:6)
  A cyclops (D:9)
  2 kobold demonologists
  A komodo dragon (D:9)
  A hornet (D:7)
  A troll (D:9)
  5 fire elementals
  Edmund (D:6)
  A water moccasin (D:7)
  An orc warrior (D:9)
  3 ice beasts
  An ogre (D:5)
  The ghost of Majang the Chopper, an amateur DsGl of Cheibriados (D:3)
  A necrophage (D:7)
  2 centaurs (D:9)
  A phantom (D:6)
  3 lemures (D:6)
  A kobold brigand (D:6)
  Blork the orc (D:6)
  2 bullfrogs
  2 wyvern zombies
  2 scorpions (D:6)
  4 killer bees (D:7)
  A water moccasin skeleton (D:7)
  A wight (D:9)
  A howler monkey (D:4)
  2 centaur zombies
  A hound (D:6)
  6 orc priests
  2 jellies (D:5)
  A centaur skeleton (D:4)
  5 iguanas
  6 orc wizards
  A hound skeleton (D:4)
  A howler monkey zombie (D:9)
  9 adders
  6 gnolls
  2 howler monkey skeletons
  2 white imps
  An ufetubus (D:4)
  A worm (D:3)
  42 orcs
  A bat (D:3)
  6 endoplasms
  4 giant cockroaches
  4 goblins
  7 hobgoblins
  3 jackals (D:5)
  5 quokkas
  9 ball pythons
  6 frilled lizards
  7 kobolds
  4 rats
187 creatures vanquished.

Vanquished Creatures (others)
  55 foxfires
  5 plants (D:4)
60 creatures vanquished.

Grand Total: 247 creatures vanquished

Notes
Turn   | Place    | Note
-------+----------+-------------------------------------------
     0 | D:1      | PlayingRandomsOnly the Palentonga Cinder Acolyte began the
                  | quest for the Orb.
     0 | D:1      | Reached XP level 1. HP: 19/19 MP: 2/2
   283 | D:1      | Reached XP level 2. HP: 25/25 MP: 3/3
   286 | D:1      | Learned a level 2 spell: Scorch
   351 | D:1      | Learned a level 1 spell: Shock
  1161 | D:2      | Reached XP level 3. HP: 31/31 MP: 4/4
  1721 | D:3      | Reached skill level 4 in Maces & Flails
  1756 | D:3      | Reached XP level 4. HP: 30/37 MP: 6/6
  1771 | D:3      | HP: 1/38 [gnoll (7)]
  2458 | D:3      | Reached XP level 5. HP: 40/44 MP: 8/8
  2608 | D:3      | Reached skill level 5 in Maces & Flails
  3387 | D:3      | Found a runed translucent gate.
  3387 | D:3      | Found a runed translucent gate.
  3387 | D:3      | Found a runed translucent gate.
  3391 | D:3      | Noticed Majang's ghost (amateur DsGl)
  3460 | D:3      | Learned a level 2 spell: Wereblood
  3605 | D:4      | Reached XP level 6. HP: 51/51 MP: 0/9
  4807 | D:3      | HP: 2/52 [Majang's ghost (4)]
  4808 | D:3      | Killed Majang's ghost
  4809 | D:3      | Reached skill level 6 in Maces & Flails
  4809 | D:3      | Gained mutation: You curl defensively after being hit. (AC
                  | +7*) [Palentonga growth]
  4809 | D:3      | Reached XP level 7. HP: 3/58 MP: 11/11
  5240 | D:5      | Entered Level 5 of the Dungeon
  5623 | D:5      | Reached skill level 5 in Fighting
  5680 | D:5      | Found Iwkanay's Elemental Accessories.
  5859 | D:5      | Reached skill level 1 in Evocations
  5889 | D:5      | Learned a level 3 spell: Teleport Other
  5962 | D:5      | Found a shimmering blue altar of Sif Muna.
  6602 | D:5      | Reached skill level 1 in Shields
  6649 | D:6      | Noticed Edmund
  6690 | D:6      | Killed Edmund
  6691 | D:6      | Reached skill level 7 in Maces & Flails
  6691 | D:6      | Reached XP level 8. HP: 17/66 MP: 1/13
  7277 | D:6      | Noticed Blork the orc
  7287 | D:6      | Noticed a kobold demonologist
  7557 | D:6      | Killed Blork the orc
  7810 | D:6      | Reached skill level 8 in Maces & Flails
  8368 | D:6      | Killed a kobold demonologist
  8369 | D:6      | Reached skill level 9 in Maces & Flails
  8373 | D:6      | Reached XP level 9. HP: 60/75 MP: 14/14
  8481 | D:7      | Noticed Pikel
  8554 | D:6      | Gained mutation: You have large cloven feet. [potion of
                  | mutation]
  8554 | D:6      | Gained mutation: You have hoof-like feet. [potion of
                  | mutation]
  8554 | D:6      | Gained mutation: You expend magic power (3 MP) to
                  | strengthen your wands. [potion of mutation]
  8799 | D:6      | Killed Pikel
  8817 | D:7      | Reached skill level 10 in Maces & Flails
  8901 | D:7      | Found a staircase to the Ecumenical Temple.
  8924 | Temple   | Entered the Ecumenical Temple
  8979 | Temple   | Fell from the grace of Ignis
  8979 | Temple   | Became a worshipper of Fedhas Madash
  9585 | D:6      | You fall into a shaft and drop 2 floors!
  9587 | D:8      | Noticed Erica
  9904 | D:8      | You fall into a shaft and drop 1 floor!
  9908 | D:9      | Noticed a komodo dragon
  9909 | D:9      | Noticed a troll
  9910 | D:9      | Noticed a kobold demonologist
  9911 | D:9      | Noticed a boulder beetle
  9912 | D:9      | Noticed a cyclops
  9918 | D:9      | Killed a troll
  9924 | D:9      | Noticed a red devil
  9925 | D:9      | Killed a kobold demonologist
  9926 | D:9      | Reached XP level 10. HP: 61/84 MP: 15/15
  9931 | D:9      | Killed a boulder beetle
  9932 | D:9      | Reached skill level 11 in Maces & Flails
  9932 | D:9      | Reached skill level 5 in Evocations
  9938 | D:9      | Reached * piety under Fedhas
  9942 | D:9      | Noticed a skeletal warrior
  9945 | D:9      | Killed a cyclops
  9950 | D:9      | Identified the +6 dagger "Kuptim" {elec, rElec Will+}
  9950 | D:9      | Noticed a centaur warrior
  9950 | D:9      | Noticed a six-headed hydra
  9960 | D:9      | Noticed a cyclops
  9973 | D:9      | Found Tuntub's Serpentskin Sales.
  9978 | D:9      | Succumbed to a water moccasin's poison

Illustrated notes

Levels and vault maps discovered:
D:1:      nagdon_arrival_double_spiral, layout_basic
D:2:      layout_loops_corners, chequers_serial_rivers_small_b
D:3:      minmay_razor_zed, layout_loops_corners, biasface_ghost_orc_armoury
D:4:      layout_basic, nicolae_grassy_gnolls
D:5:      layout_basic, mainiacjoe_overflow_alcove_4, nicolae_elemental_shop
D:6:      layout_basic, uniq_blork_the_orc, uniq_edmund
D:7:      layout_cave_pools, minmay_temple_entry_large_hall, uniq_pikel
D:8:      layout_basic, uniq_maggie, uniq_erica
D:9:      minmay_the_grid_square_5x5_4x4
          [minmay_the_grid_square_5x5_doubleslash, minmay_the_grid_square_5x5_c,
          minmay_the_grid_square_5x5_inner_i,
          minmay_the_grid_square_5x5_half_checkered,
          minmay_the_grid_square_5x5_inverted_slash,
          minmay_the_grid_square_5x5_prize_waves,
          minmay_the_grid_square_5x5_prize_junk, minmay_the_grid_square_5x5_two,
          minmay_the_grid_square_5x5_corner,
          minmay_the_grid_square_5x5_prize_itemx,
          minmay_the_grid_square_5x5_prize_snowflake,
          minmay_the_grid_square_5x5_six_small,
          minmay_the_grid_square_5x5_two_walls_a,
          minmay_the_grid_square_5x5_bite,
          minmay_the_grid_square_5x5_beaten_path,
          minmay_the_grid_square_5x5_seven], layout_small_grid, serial_shops,
          nicolae_shop_hallway_plus, guppyfry_shop_venom
Temple:   mainiacjoe_temple_archimedes_tessellation

Skill      XL: |  1  2  3  4  5  6  7  8  9 10 |
---------------+-------------------------------+-----
Maces & Flails | 4 5 6 7 9 10 11 | 11.4
Spellcasting   | 2 3 |  3.6
Fighting       | 4 5 6 7 |  7.5
Evocations     | 1 4 6 |  6.1
Shields        | 2 |  2.4
Fire Magic     | |  2.5

Action                   |  1- 3 |  4- 6 |  7- 9 | 10-12 || total
-------------------------+-------+-------+-------+-------++-------
Melee: Mace              |    71 |    23 |       |       ||    94
       Tailslap          |     4 |    14 |    21 |     3 ||    42
       Flail             |       |   145 |    78 |       ||   223
       Short sword       |       |     5 |       |       ||     5
       Dire flail        |       |       |   157 |    22 ||   179
       Kick              |       |       |    22 |     6 ||    28
       Whip              |       |       |    17 |       ||    17
 Cast: Scorch            |     4 |    24 |    22 |       ||    50
Invok: Fiery Armour      |     2 |     1 |     1 |       ||     4
       Foxfire Swarm     |       |     4 |     2 |       ||     6
       Rising Flame      |       |     1 |       |       ||     1
 Abil: Rolling Charge    |    15 |    27 |    31 |     5 ||    78
       Evoke Invisibilit |       |       |       |     1 ||     1
Evoke: Wand              |       |       |     6 |       ||     6
  Use: Potion            |       |     1 |     6 |     2 ||     9
       Scroll            |       |       |    12 |     2 ||    14
Armor: Robe              |    27 |    57 |       |       ||    84
       Leather armour    |       |    16 |    89 |    10 ||   115
Dodge: Dodged            |    20 |    80 |    90 |    14 ||   204
Block: Tower shield      |       |       |    16 |       ||    16

Table legend: (Time is in decaauts)
 A = Elapsed time spent in this place.
 B = Non-inter-level travel time spent in this place.
 C = Inter-level travel time spent in this place.
 D = Time resting spent in this place.
 E = Time spent auto-exploring this place.
 F = Levels seen in this place.
 G = Mean time per level.
                   A        B        C        D        E       F      G
               +--------+--------+--------+--------+--------+-----+--------+
         Total |   9972 |   9567 |    405 |   2436 |   4208 |  10 |  997.2 |
       Dungeon |   9905 |   9500 |    405 |   2436 |   4164 |   9 | 1100.6 |
        Temple |     67 |     67 |      0 |      0 |     44 |   1 |   67.0 |
               +--------+--------+--------+--------+--------+-----+--------+

Top non-repeatable levels by time:
     D:3: 2542 daAuts
     D:5: 2067 daAuts
     D:6: 1776 daAuts
     D:2: 1061 daAuts
     D:4: 1053 daAuts
     D:1: 631 daAuts
     D:7: 629 daAuts
     D:8: 76 daAuts
  Temple: 67 daAuts
     D:9: 67 daAuts
